 Dungeon Crawl Stone Soup version 0.27.1 (webtiles) character file.

Game seed: 7067888714351964839

1056 ZARRMARR the Thaumaturge (level 8, -8/43 HPs)
             Began as a Deep Elf Ice Elementalist on Aug 29, 2021.
             Was an Initiate of Sif Muna.
             Mangled by an ice beast (13 damage)
             ... on level 6 of the Dungeon.
             The game lasted 00:40:13 (6521 turns).

ZARRMARR the Thaumaturge (DEIE)                     Turns: 6521, Time: 00:40:13

Health: -8/43      AC: 11    Str:  5    XL:     8   Next: 6%
Magic:  22/32      EV: 14    Int: 23    God:    Sif Muna [......]
Gold:   1244       SH:  0    Dex: 21    Spells: 18/25 levels left

rFire    . . .     SeeInvis .   x - +1 long sword (vorpal)
rCold    . . .     Faith    .   (no shield)
rNeg     . . .     Spirit   .   a - +0 robe
rPois    .         Reflect  .   k - +0 helmet
rElec    .         Harm     .   (no cloak)
rCorr    .         Rampage  .   (no gloves)
Will     .....                  (no boots)
Stlth    +++.......             (no amulet)
HPRegen  0.14/turn              m - +6 ring of dexterity
MPRegen  0.23/turn              y - ring of magical power

@: mighty, ice-armoured
A: no striking features
a: Renounce Religion


You were on level 6 of the Dungeon.
You worshipped Sif Muna.
Sif Muna was noncommittal.
You visited 2 branches of the dungeon, and saw 7 of its levels.
You also visited: Sewer.

You collected 1244 gold pieces.

Inventory:

Hand Weapons
 p - a +5 dagger of venom
 x - a +1 vorpal long sword (weapon)
Missiles
 c - a throwing net
 d - 81 arrows
 f - 19 poisoned darts (quivered)
Armour
 a - a +0 robe (worn)
 k - a +0 helmet (worn)
Magical Staves
 t - a staff of cold
Jewellery
 m - a +6 ring of dexterity (left hand)
 y - a ring of magical power (right hand)
Wands
 u - a wand of digging (3)
Scrolls
 e - a scroll of torment
 l - a scroll of immolation {unknown}
 n - 2 scrolls of fog {unknown}
 q - a scroll of fear {unknown}
 v - a scroll of summoning {unknown}
 A - a scroll of brand weapon {unknown}
Potions
 b - 3 potions of might
 g - a potion of mutation {unknown}
 h - a potion of curing {unknown}
 i - 2 potions of resistance {unknown}
 j - a potion of flight {unknown}
 o - 2 potions of haste {unknown}
 r - 2 potions of brilliance {unknown}
 s - a potion of cancellation {unknown}
 w - a potion of degeneration {unknown}
 z - a potion of magic {unknown}


   Skills:
 + Level 1.5 Fighting
 + Level 3.7 Dodging
 + Level 4.6 Stealth
 + Level 9.0 Spellcasting
 * Level 3.3 Hexes
 - Level 6.3 Ice Magic


You had 18 spell levels left.
You knew the following spells:

 Your Spells              Type           Power      Damage    Failure   Level
a - Freeze                Ice            100%       1d11      1%          1
b - Ozocubu's Armour      Ice            39%        N/A       1%          3
c - Frozen Ramparts       Ice            78%        1d9       1%          3

Your spell library contained the following spells:

 Spells                   Type           Power      Damage    Failure   Level
 Beastly Appendage        Tmut           20%        N/A       6%          1
 Sting                    Tmut/Pois      40%        1d5       6%          1
 Summon Small Mammal      Summ           40%        N/A       6%          1
 Corpse Rot               Necr/Air       N/A        N/A       10%         2
 Inner Flame              Hex/Fire       17%        N/A       10%         3
 Summon Guardian Golem    Hex/Summ       17%        N/A       10%         3
 Cause Fear               Hex            12%        N/A       16%         4
 Hailstorm                Conj/Ice       25%        3d7       17%         4
 Call Canine Familiar     Summ           10%        N/A       19%         3
 Gell's Gravitas          Tloc           5%         N/A       19%         3
 Lesser Beckoning         Tloc           5%         N/A       19%         3
 Teleport Other           Tloc           10%        N/A       19%         3
 Discord                  Hex            12%        N/A       100%        8


Dungeon Overview and Level Annotations

Branches:
Dungeon (6/15)             Temple (1/1) D:6           Sewer (visited)

Altars:
Ashenzari
Cheibriados
Dithmenos
Elyvilon
Fedhas
Gozag
Hepliaklqana
Kikubaaqudgha
Makhleb
Nemelex Xobeh
Okawaru
Qazlal
Ru
Sif Muna
Trog
Uskayaw
Vehumet
Wu Jian
Xom
Yredelemnul
Zin
The Shining One
Beogh

Annotations:
D:3 3 runed translucent doors, chaosape's ghost, amateur GnWn


Message History

The ice beast is severely wounded.
The white imp barely misses you. The ice beast barely misses you.
You riposte.
You barely miss the ice beast.
The ice beast is severely wounded.
The white imp hits you but does no damage.
You barely miss the ice beast.
The ice beast is severely wounded.
The ice beast hits you but does no damage.
The white imp gestures at you.
The puff of frost hits you but does no damage.
The ice beast closely misses you.
You riposte.
You hit the ice beast.
The ice beast is severely wounded.
You hit the ice beast.
The ice beast is almost dead.
The white imp barely misses you.
The ice beast hits you but does no damage.
You closely miss the ice beast.
The ice beast is almost dead.
The white imp closely misses you. The ice beast completely misses you.
You riposte.
You barely miss the ice beast.
The ice beast is almost dead.
The white imp grinds its teeth.
The white imp gestures at you. The puff of frost misses you.
The ice beast hits you. The ice beast freezes you!
It was a potion of might.
You feel very mighty all of a sudden. The white imp gestures at you.
The puff of frost hits you.
The ice beast hits you but does no damage.
You closely miss the ice beast.
The ice beast is almost dead.
The steam dragon breathes steam at you.
The ball of steam misses the white imp.
The ball of steam hits you!
* * * LOW HITPOINT WARNING * * *
The white imp is engulfed in a cloud of scalding steam.
The white imp barely misses you. The ice beast hits you.
* * * LOW HITPOINT WARNING * * *
The ice beast freezes you!
You die...

#...........### ####
#.............. ...#
#.............. #..
#...# #..............
... #...#
#.#.............. #.#
#...# #.#..............
#.# #...#
#.#.D............ #.#
#...# #...5Y.((........
..#
#...#####.#@#########..O
.## #.........)§# ...
..####........#.§#
....##...........#
..##.'..........>#
.###.#...........#
.............#...#
..##.#######.#...#
####.. #.#...#


You could see a steam dragon (catching breath), an ice beast and a white imp.

Vanquished Creatures
  2 sky beasts
  A black bear (D:5)
  2 ogres
  3 scorpions (D:5)
  A water moccasin zombie (D:5)
  A howler monkey (D:5)
  A centaur zombie (D:5)
  A bullfrog zombie (D:5)
  2 hounds (D:5)
  An orc priest (D:3)
  A jelly (D:6)
  Terence (D:3)
  5 adders
  A shadow imp (D:5)
  2 ufetubi
  2 dart slugs
  4 orcs
  2 bats (D:2)
  4 endoplasms
  3 giant cockroaches (D:3)
  2 goblins (D:2)
  6 hobgoblins
  5 jackals (Sewer)
  5 quokkas
  5 ball pythons
  6 frilled lizards
  13 kobolds
  4 rats
86 creatures vanquished.

Vanquished Creatures (others)
  31 plants
31 creatures vanquished.

Grand Total: 117 creatures vanquished

Notes
Turn   | Place    | Note
-------+----------+-------------------------------------------
     0 | D:1      | ZARRMARR the Deep Elf Ice Elementalist began the quest for
                  | the Orb.
     0 | D:1      | Reached XP level 1. HP: 10/10 MP: 6/6
   251 | D:1      | Found a faded altar of an unknown god.
   849 | D:2      | Reached XP level 2. HP: 15/15 MP: 5/8
  1926 | D:3      | Reached skill level 5 in Ice Magic
  1926 | D:3      | Reached XP level 3. HP: 19/19 MP: 7/10
  1956 | D:3      | Found a runed translucent gate.
  1957 | D:3      | Found a runed translucent gate.
  1958 | D:3      | Found a runed translucent gate.
  1961 | D:3      | Identified the +2 leather armour "Araihar" {Dex+5}
  1961 | D:3      | Noticed chaosape's ghost (amateur GnWn)
  2078 | D:3      | Found a glowing drain.
  2094 | D:3      | Reached skill level 4 in Spellcasting
  2111 | Sewer    | Entered a sewer
  2281 | Sewer    | Reached XP level 4. HP: 24/24 MP: 9/12
  3287 | D:3      | Noticed Terence
  3296 | D:3      | Killed Terence
  3297 | D:3      | Reached skill level 5 in Spellcasting
  3383 | D:3      | Reached XP level 5. HP: 28/28 MP: 9/14
  3941 | D:4      | Noticed an ogre
  3950 | D:4      | Killed an ogre
  4055 | D:4      | Noticed a necrophage
  4115 | D:4      | Noticed an ogre
  4131 | D:5      | Entered Level 5 of the Dungeon
  4162 | D:5      | Reached skill level 6 in Spellcasting
  4218 | D:5      | Reached XP level 6. HP: 29/33 MP: 15/17
  4251 | D:5      | Learned a level 3 spell: Ozocubu's Armour
  4397 | D:5      | Noticed a sky beast
  4504 | D:5      | Killed a sky beast
  4505 | D:5      | Reached skill level 1 in Fighting
  4505 | D:5      | Reached skill level 7 in Spellcasting
  4673 | D:5      | Reached XP level 7. HP: 38/38 MP: 17/20
  4712 | D:5      | Found a blossoming altar of Fedhas.
  4784 | D:5      | Reached skill level 1 in Hexes
  4787 | D:5      | Reached skill level 8 in Spellcasting
  5892 | D:6      | Found a staircase to the Ecumenical Temple.
  5899 | Temple   | Entered the Ecumenical Temple
  5912 | Temple   | Became a worshipper of Ru the Awakened
  5949 | Temple   | Fell from the grace of Ru
  5949 | Temple   | Became a worshipper of Sif Muna the Loreminder
  5960 | Temple   | Identified 3 scrolls of acquirement
  5960 | Temple   | Acquired Sif Muna's Reference Book on Mutagenic Lightness
  5962 | Temple   | Acquired 1068 gold pieces
  5964 | Temple   | Acquired a staff of cold
  5973 | Temple   | Learned a level 3 spell: Frozen Ramparts
  6479 | D:6      | Noticed a steam dragon
  6499 | D:6      | Reached XP level 8. HP: 36/43 MP: 22/22
  6507 | D:6      | Reached skill level 9 in Spellcasting
  6521 | D:6      | Mangled by an ice beast

Illustrated notes

Levels and vault maps discovered:
D:1:      dpeg_arrival_rhombus, layout_loops_cross,
          dreamdust_ecumenical_altar_grove
D:2:      layout_loops_corners
D:3:      layout_loops_cross, biasface_ghost_orc_armoury, portal_sewer_entry_f,
          uniq_terence
D:4:      layout_loops_ring, guppyfry_early_lair_pool, uniq_natasha
D:5:      layout_loops_cross, fedhas_altar_decomposition
D:6:      layout_basic, minmay_temple_entry_waves, minmay_statues_item,
          kb_lookout_dungeons_type
Temple:   compressed_dpeg_triangle_lava_temple

Skill      XL: |  1  2  3  4  5  6  7  8 |
---------------+-------------------------+-----
Ice Magic      | 5 6 |  6.3
Spellcasting   | 4 5 6 7 8 9 |  9.0
Stealth        | 3 4 |  4.6
Fighting       | 1 |  1.5
Dodging        | 3 |  3.7
Hexes          | 3 |  3.3

Action                   |  1- 3 |  4- 6 |  7- 9 || total
-------------------------+-------+-------+-------++-------
Melee: Unarmed           |     1 |       |       ||     1
       Dagger            |       |    46 |    16 ||    62
       Long sword        |       |       |    26 ||    26
Throw: Dart              |    45 |    76 |    19 ||   140
       Throwing net      |     1 |     1 |       ||     2
 Cast: Freeze            |    42 |    39 |    21 ||   102
       Ozocubu's Armour  |       |     3 |     3 ||     6
       Frozen Ramparts   |       |       |     4 ||     4
  Use: Scroll            |     2 |       |     4 ||     6
       Potion            |       |       |     1 ||     1
 Stab: Distracted        |       |     1 |       ||     1
       Sleeping          |       |       |     4 ||     4
Armor: Robe              |     3 |    13 |    24 ||    40
Dodge: Dodged            |    14 |    27 |    58 ||    99
       Rpst.: Long sword |       |       |    11 ||    11
